SAA
RICHLAND RAILS @ YAKIMA HOPS
08/06/2028
 
TOP OF THE 1ST
Richland Rails batting - Pitching for Yakima Hops : LHP Emílio Mavarro
Pitching: LHP Emílio Mavarro
Batting: LHB Mike Gillespie 0-0: Ball
1-0: Ball
2-0: Called Strike
2-1: Fly out, F7 (Flyball, 78XD)
Batting: RHB Alexandre Keeping 0-0: Ground out 5-3 (Groundball, 56)
Batting: SHB Félix Medina 0-0: Ball
1-0: Foul Ball, location: 2F
1-1: Swinging Strike
1-2: Ball
2-2: Foul Ball, location: 2F
2-2: Fly out, F9 (Flyball, 89M)
Top of the 1st over - 0 run(s), 0 hit(s), 0 error(s), 0 left on base; Richland 0 - Yakima 0
BOTTOM OF THE 1ST
Yakima Hops batting - Pitching for Richland Rails : RHP Shotaro Sugahara
Pitching: RHP Shotaro Sugahara
Batting: LHB Pedro Tapia 0-0: Ball
1-0: Called Strike
1-1: Foul Ball, location: 2F
1-2: Foul Ball, location: 2F
1-2: Reached on error, E5 (Groundball, 56)
Batting: LHB Bob Maher 0-0: Called Strike
0-1: Ball
1-1: Foul Ball, location: 2F
1-2: Fly out, F7 (Flyball, 7)
Batting: RHB Jud Regan 0-0: Swinging Strike
0-1: Ball
1-1: Called Strike
1-2: 2-RUN HOME RUN (Flyball, 7D), Distance : 384 ft
Batting: RHB Colin O'Connell 0-0: Called Strike
0-1: Ball
1-1: Ball
2-1: SINGLE (Groundball, 56S) (infield hit)
Batting: SHB José Ángel 0-0: Swinging Strike
0-1: Foul Ball, location: 2F
0-2: Ball
1-2: Ball
2-2: Strikes out swinging
Batting: SHB Marlon Webster 0-0: Called Strike
0-1: Called Strike
0-2: Ball
1-2: Ground out 1-3 (Groundball, 13S)
Bottom of the 1st over - 2 run(s), 2 hit(s), 1 error(s), 1 left on base; Richland 0 - Yakima 2
TOP OF THE 2ND
Richland Rails batting - Pitching for Yakima Hops : LHP Emílio Mavarro
Batting: RHB Scott Ramsey 0-0: Called Strike
0-1: Foul Ball, location: 2F
0-2: Ball
1-2: Foul Ball, location: 2F
1-2: Fly out, F7 (Flyball, 7LSF)
Batting: RHB Christian Gentry 0-0: Hit by Pitch
Batting: RHB Jonah Cooney 0-0: Ball
Christian Gentry is caught stealing 2nd base
1-0: DOUBLE (Flyball, 78M)
Batting: SHB Jasper Otto 0-0: Fly out, F8 (Flyball, 8LD)
Top of the 2nd over - 0 run(s), 1 hit(s), 0 error(s), 1 left on base; Richland 0 - Yakima 2
BOTTOM OF THE 2ND
Yakima Hops batting - Pitching for Richland Rails : RHP Shotaro Sugahara
Batting: RHB Xavier Gama 0-0: Called Strike
0-1: Ball
1-1: Fly out, F9 (Flyball, 9S)
Batting: SHB Adam Staats 0-0: Ball
1-0: Ground out 4-3 (Groundball, 4)
Batting: RHB Luis Rodríguez 0-0: Called Strike
0-1: Ball
1-1: Ball
2-1: Called Strike
2-2: SINGLE (Groundball, 6MD)
Batting: LHB Pedro Tapia 0-0: Called Strike
0-1: Ball
1-1: Ball
2-1: Ball
3-1: Called Strike
3-2: Base on Balls
Luis Rodríguez to second
Batting: LHB Bob Maher 0-0: Called Strike
0-1: Ball
1-1: Foul Ball, location: 2F
1-2: Ball
2-2: Ball
3-2: Foul Ball, location: 2F
3-2: Base on Balls
Luis Rodríguez to third
Pedro Tapia to second
Batting: RHB Jud Regan 0-0: Called Strike
0-1: Fly out, F7 (Flyball, 78D)
Bottom of the 2nd over - 0 run(s), 1 hit(s), 0 error(s), 3 left on base; Richland 0 - Yakima 2
TOP OF THE 3RD
Richland Rails batting - Pitching for Yakima Hops : LHP Emílio Mavarro
Batting: RHB Kazu Hishida 0-0: Called Strike
0-1: Foul Ball, location: 2F
0-2: Foul Ball, location: 2F
0-2: Strikes out swinging
Batting: RHB Leon Carlisle 0-0: Ball
1-0: Called Strike
1-1: Fly out, F9 (Flyball, 9LS)
Batting: LHB Mike Gillespie 0-0: Called Strike
0-1: Ball
1-1: Ball
2-1: Swinging Strike
2-2: Strikes out swinging
Top of the 3rd over - 0 run(s), 0 hit(s), 0 error(s), 0 left on base; Richland 0 - Yakima 2
BOTTOM OF THE 3RD
Yakima Hops batting - Pitching for Richland Rails : RHP Shotaro Sugahara
Batting: RHB Colin O'Connell 0-0: Ball
1-0: Ball
2-0: Fly out, F8 (Flyball, 78XD)
Batting: SHB José Ángel 0-0: Called Strike
0-1: SINGLE (Groundball, 4MD)
Batting: SHB Marlon Webster 0-0: Ball
1-0: Ball
2-0: Called Strike
2-1: Called Strike
2-2: Ball
3-2: Strikes out swinging
Batting: RHB Xavier Gama 0-0: Ball
1-0: Ball
2-0: Ball
3-0: Base on Balls
José Ángel to second
Batting: SHB Adam Staats 0-0: Ball
1-0: Foul Ball, location: 2F
1-1: Ball
2-1: SINGLE (Line Drive, 89M)
José Ángel to third
Xavier Gama to second
Runner from 3rd tries for Home, SAFE, no throw
Batting: RHB Luis Rodríguez 0-0: Called Strike
0-1: Called Strike
0-2: Ball
1-2: Fielders Choice at 2nd, 6-4 (Groundball, 6)
Bottom of the 3rd over - 1 run(s), 2 hit(s), 0 error(s), 1 left on base; Richland 0 - Yakima 3
TOP OF THE 4TH
Richland Rails batting - Pitching for Yakima Hops : LHP Emílio Mavarro
Batting: RHB Alexandre Keeping 0-0: Ground out 5-3 (Groundball, 5)
Batting: SHB Félix Medina 0-0: Foul Ball, location: 2F
0-1: SINGLE (Groundball, 6MD)
Batting: RHB Scott Ramsey 0-0: Ball
1-0: Ball
2-0: Grounds into double play, 6-4-3 (Groundball, 6)
Top of the 4th over - 0 run(s), 1 hit(s), 0 error(s), 0 left on base; Richland 0 - Yakima 3
BOTTOM OF THE 4TH
Yakima Hops batting - Pitching for Richland Rails : RHP Shotaro Sugahara
Batting: LHB Pedro Tapia 0-0: SOLO HOME RUN (Flyball, 9D), Distance : 372 ft
Batting: LHB Bob Maher 0-0: Ball
1-0: Foul Ball, location: 2F
1-1: SINGLE (Line Drive, 34D)
Batting: RHB Jud Regan 0-0: Called Strike
0-1: Fly out, F8 (Flyball, 8RD)
Batting: RHB Colin O'Connell 0-0: Grounds into double play, 6-4-3 (Groundball, 6)
Bottom of the 4th over - 1 run(s), 2 hit(s), 0 error(s), 0 left on base; Richland 0 - Yakima 4
TOP OF THE 5TH
Richland Rails batting - Pitching for Yakima Hops : LHP Emílio Mavarro
Batting: RHB Christian Gentry 0-0: Ball
1-0: Swinging Strike
1-1: Ball
2-1: Ball
3-1: Called Strike
3-2: Base on Balls
Batting: RHB Jonah Cooney 0-0: Called Strike
0-1: Swinging Strike
0-2: Strikes out swinging
Batting: SHB Jasper Otto 0-0: Ball
1-0: Ball
2-0: Called Strike
2-1: Foul Ball, location: 2F
2-2: Ball
3-2: Foul Ball, location: 2F
3-2: Fly out, F9 (Flyball, 9LSF)
Batting: RHB Kazu Hishida 0-0: Called Strike
0-1: Swinging Strike
0-2: Ball
1-2: Strikes out swinging
Top of the 5th over - 0 run(s), 0 hit(s), 0 error(s), 1 left on base; Richland 0 - Yakima 4
BOTTOM OF THE 5TH
Yakima Hops batting - Pitching for Richland Rails : RHP Shotaro Sugahara
Batting: SHB José Ángel 0-0: Fly out, F7 (Flyball, 7)
Batting: SHB Marlon Webster 0-0: Ball
1-0: Ball
2-0: Called Strike
2-1: Ground out 3-1 (Groundball, 34S)
Batting: RHB Xavier Gama 0-0: Ball
1-0: Called Strike
1-1: Ball
2-1: Foul Ball, location: 2F
2-2: Strikes out swinging
Bottom of the 5th over - 0 run(s), 0 hit(s), 0 error(s), 0 left on base; Richland 0 - Yakima 4
TOP OF THE 6TH
Richland Rails batting - Pitching for Yakima Hops : LHP Emílio Mavarro
Batting: RHB Leon Carlisle 0-0: Foul Ball, location: 2F
0-1: Swinging Strike
0-2: Ball
1-2: Ground out 4-3 (Groundball, 4M)
Batting: LHB Mike Gillespie 0-0: Called Strike
0-1: SINGLE (Groundball, 34D)
Batting: RHB Alexandre Keeping 0-0: Ball
1-0: Called Strike
1-1: Called Strike
1-2: Foul Ball, location: 2F
1-2: Fly out, F8 (Flyball, 8LM)
Batting: SHB Félix Medina 0-0: Ball
1-0: Ball
2-0: Called Strike
Mike Gillespie is caught stealing 2nd base
Top of the 6th over - 0 run(s), 1 hit(s), 0 error(s), 0 left on base; Richland 0 - Yakima 4
BOTTOM OF THE 6TH
Yakima Hops batting - Pitching for Richland Rails : RHP Shotaro Sugahara
Pitching: LHP Bart Gresham
Batting: SHB Adam Staats 0-0: Ball
1-0: Ball
2-0: Ball
3-0: Called Strike
3-1: Base on Balls
Batting: RHB Luis Rodríguez 0-0: Bunted foul
0-1: Ball
1-1: Sac Bunt - play at first, batter OUT! 5-4
Adam Staats to second
Batting: LHB Pedro Tapia 0-0: Intentional Walk
Batting: LHB Bob Maher 0-0: Ball
1-0: Ball
2-0: Ball
3-0: Called Strike
3-1: Base on Balls
Adam Staats to third
Pedro Tapia to second
Batting: RHB Jud Regan 0-0: Ball
1-0: Foul Ball, location: 2F
1-1: Ball
2-1: Ball
3-1: Called Strike
3-2: Strikes out swinging
Batting: RHB Colin O'Connell 0-0: Ball
1-0: Ball
2-0: Called Strike
2-1: SINGLE (Line Drive, 56D)
Adam Staats scores
Pedro Tapia to third
Bob Maher to second
Runner from 3rd tries for Home, SAFE, no throw
Batting: SHB José Ángel 0-0: Ball
1-0: Ball
2-0: Swinging Strike
2-1: Ball
3-1: Called Strike
3-2: Strikes out swinging
Bottom of the 6th over - 2 run(s), 1 hit(s), 0 error(s), 2 left on base; Richland 0 - Yakima 6
TOP OF THE 7TH
Richland Rails batting - Pitching for Yakima Hops : LHP Emílio Mavarro
Batting: SHB Félix Medina 0-0: Ball
1-0: Foul Ball, location: 2F
1-1: Foul Ball, location: 2F
1-2: Foul Ball, location: 2F
1-2: Fly out, F9 (Flyball, 9S)
Batting: RHB Scott Ramsey 0-0: Ball
1-0: Swinging Strike
1-1: Swinging Strike
1-2: Strikes out looking
Batting: RHB Christian Gentry 0-0: Ball
1-0: Called Strike
1-1: Foul Ball, location: 2F
1-2: Ball
2-2: Strikes out swinging
Top of the 7th over - 0 run(s), 0 hit(s), 0 error(s), 0 left on base; Richland 0 - Yakima 6
BOTTOM OF THE 7TH
Yakima Hops batting - Pitching for Richland Rails : LHP Bart Gresham
Batting: SHB Marlon Webster 0-0: Called Strike
0-1: Ball
1-1: Foul Ball, location: 2F
1-2: Foul Ball, location: 2F
1-2: Strikes out looking
Batting: RHB Xavier Gama 0-0: Foul Ball, location: 2F
0-1: Ball
1-1: Ball
2-1: Ball
3-1: Ground out 4-3 (Groundball, 4)
Batting: SHB Adam Staats 0-0: Called Strike
0-1: Foul Ball, location: 2F
0-2: DOUBLE (Flyball, 9)
Batting: RHB Luis Rodríguez 0-0: Ball
1-0: Ball
2-0: Foul Ball, location: 2F
2-1: SINGLE (Line Drive, 8RS)
Adam Staats to third
Runner from 3rd tries for Home, SAFE, no throw
Batting: LHB Pedro Tapia 0-0: Ball
1-0: Ball
Luis Rodríguez steals 2nd base
2-0: Ground out 3-1 (Groundball, 34)
Bottom of the 7th over - 1 run(s), 2 hit(s), 0 error(s), 1 left on base; Richland 0 - Yakima 7
TOP OF THE 8TH
Richland Rails batting - Pitching for Yakima Hops : LHP Emílio Mavarro
Now at 2B: Mario Salazar
Batting: RHB Jonah Cooney 0-0: Foul Ball, location: 2F
0-1: Ball
1-1: Ball
2-1: Ball
3-1: Foul Ball, location: 2F
3-2: Base on Balls
Pitching: RHP Pieter Spitsbaard
Batting: SHB Jasper Otto 0-0: Ball
1-0: Swinging Strike
1-1: Fly out, F7 (Flyball, 7S)
Batting: RHB Kazu Hishida 0-0: Grounds into double play, 6-4-3 (Groundball, 6)
Top of the 8th over - 0 run(s), 0 hit(s), 0 error(s), 0 left on base; Richland 0 - Yakima 7
BOTTOM OF THE 8TH
Yakima Hops batting - Pitching for Richland Rails : LHP Bart Gresham
Batting: LHB Bob Maher 0-0: Foul Ball, location: 2F
0-1: Swinging Strike
0-2: Ball
1-2: Foul Ball, location: 2F
1-2: Ball
2-2: Ball
3-2: Foul Ball, location: 2F
3-2: DOUBLE (Line Drive, 89M)
Batting: RHB Jud Regan 0-0: Foul Ball, location: 2F
0-1: Ball
1-1: Called Strike
1-2: Strikes out looking
Batting: RHB Colin O'Connell 0-0: Ball
1-0: Called Strike
1-1: Ball
2-1: Ball
3-1: Base on Balls
Batting: SHB José Ángel 0-0: Foul Ball, location: 2F
0-1: Fly out, F8 (Line Drive, 89M)
Batting: SHB Marlon Webster 0-0: Foul Ball, location: 2F
0-1: Foul Ball, location: 2F
0-2: Foul Ball, location: 2F
0-2: Ball
1-2: Foul Ball, location: 2F
1-2: SINGLE (Groundball, 56D)
Bob Maher to third
Colin O'Connell to second
Runner from 3rd tries for Home, SAFE, throw made home
Pitching: RHP Maxwell Simon
Batting: RHB Xavier Gama 0-0: Swinging Strike
0-1: Foul Ball, location: 2F
0-2: Fly out, F9 (Flyball, 9S)
Bottom of the 8th over - 1 run(s), 2 hit(s), 0 error(s), 2 left on base; Richland 0 - Yakima 8
TOP OF THE 9TH
Richland Rails batting - Pitching for Yakima Hops : RHP Pieter Spitsbaard
Batting: RHB Leon Carlisle 0-0: Called Strike
0-1: Ground out 1-3 (Groundball, P)
Batting: LHB Mike Gillespie 0-0: Called Strike
0-1: Ball
1-1: Ball
2-1: Ball
3-1: Fly out, F7 (Flyball, 7D)
Batting: RHB Alexandre Keeping 0-0: Swinging Strike
0-1: Swinging Strike
0-2: Foul Ball, location: 2F
0-2: Ground out 5-3 (Groundball, 5)
Top of the 9th over - 0 run(s), 0 hit(s), 0 error(s), 0 left on base; Richland 0 - Yakima 8
Wednesday, August 23rd, 2017 - OOTP Baseball 17.12 Build 75